cohdb
Replays
Latest Replays
All Replays
Popular Replays
Top Player Replays
Match Explorer
How It Works
Community
CoH3 Stats
Reddit
Sign in to upload your games and track your stats! →
Sign in with Steam
Match 47282771
Unlisted
Match 47282771
Overview
Messages
Build Orders
End
Construct Infanterie Kompanie
Kettenkrad Recon Vehicle
Selects Terror Battlegroup
Selects Machine Gun Camouflage
MG 42 Machine Gun Team
MG 42 Machine Gun Team
Grenadier Squad
Grenadier Squad
Construct Panzergrenadier Kompanie
251 Medium Carrier
Support Elements
Panzergrenadier Squad
StuG III G Assault Gun
StuG III G Assault Gun
Side Skirts
Nebelwerfer 42 Rocket Launcher Team
Selects Defend the Fatherland
Selects King Tiger Heavy Tank
King Tiger Heavy Tank
Pak 40 Anti-tank Gun Team
Selects Contempt for the Weak
Selects Propaganda Leaflet Drop
Selects V1 Rocket Strike
Kettenkrad Recon Vehicle
V1 Rocket Strike
King Tiger Heavy Tank
Nobiscum Deus
jonafrag
Boneless
nayebibit
0
0
Comments
sign in to comment!
No comments posted yet!